 Seeded DCSS version 0.30-a0-1066-g63dfefce0d (webtiles) character file.

Game seed: 13020561292390072626 (custom seed)

2 Pimp the Covered (level 1, 19/19 HPs)
             Began as a Barachi Fighter on Apr 12, 2023.
             Quit the game on level 1 of the Dungeon.
             The game lasted 00:01:43 (55 turns).

Pimp the Covered (Barachi Fighter)                    Turns: 55, Time: 00:01:44

Health: 19/19      AC:  6    Str: 17    XL:     1   Next: 30%
Magic:  1/1        EV:  9    Int:  8    God:
Gold:   0          SH:  4    Dex: 11    Spells: 0/0 levels left

rFire   . . .      SeeInvis .    a - +0 long sword
rCold   . . .      Faith    .    c - +0 buckler
rNeg    . . .      Spirit   .    b - +0 scale mail
rPois   .          Reflect  .    (no helmet)
rElec   .          Rampage  .    (no cloak)
rCorr   .                        (no gloves)
Will    .....                    (no boots) Stlth
                                 (no amulet)
HPRegen 0.23/turn                (no ring)
MPRegen 0.07/turn                (no ring)

@: slow
A: amphibious, slowness 1, strong legs 1, +LOS
a: Hop


You were on level 1 of the Dungeon.
You visited 1 branch of the dungeon, and saw 1 of its levels.

Inventory:

Hand Weapons
 a - a +0 long sword (weapon)
Armour
 b - a +0 scale mail (worn)
 c - a +0 buckler (worn)
Scrolls
 e - a scroll of acquirement
 f - a scroll of magic mapping {unknown}
Potions
 d - a potion of might


   Skills:
 + Level 3.6 Fighting
 + Level 2.5 Long Blades
 + Level 3.6 Armour
 + Level 3.3 Shields


You couldn't memorise any spells.
You didn't know any spells.
Your spell library was empty.

Dungeon Overview and Level Annotations

Branches:
Dungeon (1/15)

Altars:


Innate Abilities, Weirdness & Mutations

You are amphibious.
You cover ground slowly.
You can hop short distances.
You have an extended range of vision and can be seen from far away.


Message History

There is a large open door here.
You open the large door.
There is a large open door here.
You open the large door.
There is a large open door here.
A goblin comes into view. It is wielding a +0 dagger.
Found 6 stones.
The goblin shouts!
The goblin closely misses you. The goblin hits you but does no damage.
You slash the goblin!
You kill the goblin!
A frilled lizard comes into view.
The frilled lizard hisses angrily.
Things that are here:
a +0 dagger; 6 stones; a goblin corpse The frilled lizard bites you but does no damage.
You barely miss the frilled lizard.
The frilled lizard bites you but does no damage.
The frilled lizard barely misses you.
You barely miss the frilled lizard. The frilled lizard barely misses you.
You hit the frilled lizard.
The frilled lizard is heavily wounded.
The frilled lizard bites you.
You closely miss the frilled lizard.
The frilled lizard is heavily wounded.
The frilled lizard completely misses you.
You block the frilled lizard's attack.
You hit the frilled lizard.
You kill the frilled lizard!
e - a scroll labelled LAOKHLU ABENESK
Found 13 gold pieces.
This is a scroll of acquirement!
Unknown command.
Okay, then.
f - a scroll labelled VAPHEPTOFAL Unknown command.
Unknown command.
Unknown command.
Unknown command.
Are you sure you want to abandon this character and quit the game? (Confirm with "yes".)

..... ....# ... #.. .$.
... . ... #.# #.#.# #.#
#.#.# #.# #.#.# #.# #
#.#@###.# #
.#####.......############
.......................'.'
#..#####......########.'.'
.............)# #.###
#.....#.....## #.# #
#####.......# #.# #
##......# #.# ...........#
#.#


There were no monsters in sight!

Vanquished Creatures
  A goblin (D:1)
  A frilled lizard (D:1)
2 creatures vanquished.

Notes
Turn   | Place    | Note
-------+----------+-------------------------------------------
     0 | D:1      | Pimp the Barachi Fighter began the quest for the Orb.
     0 | D:1      | Reached XP level 1. HP: 18/18 MP: 1/1
    48 | D:1      | Identified a scroll of acquirement
    55 | D:1      | Quit the game

Illustrated notes

Levels and vault maps discovered:
D:1:      lightli_arrival_lavapool, layout_basic

Action                     || total
---------------------------++-------
  Melee: Long sword        ||     6
 Armour: Scale mail        ||     3
  Dodge: Dodged            ||     4
  Block: Buckler           ||     1

Table legend: (Time is in decaauts)
 A = Elapsed time spent in this place.
 B = Non-inter-level travel time spent in this place.
 C = Inter-level travel time spent in this place.
 D = Time resting spent in this place.
 E = Time spent auto-exploring this place.
 F = Levels seen in this place.
 G = Mean time per level.
                   A        B        C        D        E       F      G
               +--------+--------+--------+--------+--------+-----+--------+
         Total |     65 |     58 |      7 |      0 |     26 |   1 |   65.0 |
       Dungeon |     65 |     58 |      7 |      0 |     26 |   1 |   65.0 |
               +--------+--------+--------+--------+--------+-----+--------+

Top non-repeatable levels by time:
     D:1: 65 daAuts
